 Dungeon Crawl Stone Soup version 0.27.0-1-g7a089689b8 (webtiles) character file.

Game seed: 9616941741265827728

6 rogsnak the Firebug (level 2, 0/19 HPs)
             Began as a Human Fire Elementalist on Aug 12, 2021.
             Slain by a jackal (2 damage)
             ... on level 1 of the Dungeon.
             The game lasted 00:00:52 (120 turns).

rogsnak the Firebug (Human Fire Elementalist)        Turns: 120, Time: 00:00:53

Health: 0/19       AC:  2    Str:  8    XL:     2   Next: 0%
Magic:  0/5        EV: 12    Int: 15    God:
Gold:   14         SH:  0    Dex: 13    Spells: 4/5 levels left

rFire    . . .     SeeInvis .   (no weapon)
rCold    . . .     Faith    .   (no shield)
rNeg     . . .     Spirit   .   a - +0 robe
rPois    .         Reflect  .   (no helmet)
rElec    .         Harm     .   (no cloak)
rCorr    .         Rampage  .   (no gloves)
Will     .....                  (no boots)
Stlth    ++........             (no amulet)
HPRegen  0.06/turn              (no ring)
MPRegen  0.09/turn              (no ring)

@: very slightly contaminated
A: no striking features
a: no special abilities


You were on level 1 of the Dungeon.
You visited 1 branch of the dungeon, and saw 1 of its levels.

You collected 14 gold pieces.

Inventory:

Missiles
 b - 24 sling bullets
Armour
 a - a +0 robe (worn)


   Skills:
 + Level 2.0 Dodging
 - Level 2.0 Stealth
 + Level 2.0 Spellcasting
 * Level 1.2 Conjurations
 + Level 3.2 Fire Magic


You had 4 spell levels left.
You knew the following spells:

 Your Spells              Type           Power      Damage    Failure   Level
a - Foxfire               Conj/Fire      32%        2x1d5     9%          1

Your spell library contained the following spells:

 Spells                   Type           Power      Damage    Failure   Level
 Conjure Flame            Conj/Fire      8%         6-21      26%         3
 Inner Flame              Hex/Fire       6%         N/A       34%         3
 Sticky Flame             Conj/Fire      8%         2d3       65%         4
 Fireball                 Conj/Fire      4%         3d4       94%         5


Dungeon Overview and Level Annotations

Branches:
Dungeon (1/15)

Altars:


Message History

Unknown command.
You barely miss the jackal.
The jackal is lightly wounded.
The jackal closely misses you.
The jackal bites you but does no damage.
The jackal barely misses you.
Unknown command.
You hit the jackal but do no damage.
The jackal is lightly wounded.
The jackal closely misses you. The jackal bites you. x2
You hit the jackal.
The jackal is moderately wounded.
The jackal closely misses you. The jackal bites you.
The jackal completely misses you.
You barely miss the jackal.
The jackal is moderately wounded.
The jackal bites you but does no damage. x2
The jackal barely misses you.
You barely miss the jackal.
The jackal is moderately wounded.
The jackal bites you.
* * * LOW HITPOINT WARNING * * *
The jackal bites you.
* * * LOW HITPOINT WARNING * * *
A goblin comes into view. It is wielding a +0 dagger.
The goblin shouts!
The jackal bites you.
* * * LOW HITPOINT WARNING * * *
The jackal misses you. The jackal misses you. The jackal barely misses you.
You see here a scroll labelled POMUS TIBROIFA.
The jackal barely misses you.
The jackal bites you but does no damage.
Casting: Foxfire (safe; 9% risk of failure)
Confirm with . or Enter, or press ? or * to list all spells.
You miscast Foxfire.
You are very lightly contaminated with residual magic.
Nothing appears to happen.
The jackal bites you.
You die...

#.# #.# #.## #.†#
##.## #..## #...###
###.#..g##########
........ghh@.......
.###.######.#######
#.# #.# ... ..# ##.
###


You could see 2 jackals and 2 goblins.

Vanquished Creatures
  A ball python (D:1)
  A hobgoblin (D:1)
  2 jackals (D:1)
  A kobold (D:1)
5 creatures vanquished.

Vanquished Creatures (others)
  15 foxfires (D:1)
15 creatures vanquished.

Grand Total: 20 creatures vanquished

Notes
Turn   | Place    | Note
-------+----------+-------------------------------------------
     0 | D:1      | rogsnak the Human Fire Elementalist began the quest for the
                  | Orb.
     0 | D:1      | Reached XP level 1. HP: 13/13 MP: 3/3
   103 | D:1      | Reached XP level 2. HP: 16/19 MP: 1/5
   120 | D:1      | Slain by a jackal

Illustrated notes

Levels and vault maps discovered:
D:1:      dpeg_arrival_arbitrary_c, layout_basic,
          dreamdust_ecumenical_altar_statues, columned_hall_lemuel,
          minmay_large_rounded_square, serial_bayou_pond_d, minmay_heptomino_o4

Action                   || total
-------------------------++-------
Melee: Unarmed           ||    11
 Cast: Foxfire           ||    10
Armor: Robe              ||     8
Dodge: Dodged            ||    20
